 Dungeon Crawl Stone Soup version 0.32-a0-921-g04a7ad8e02 (webtiles) character file.

Game seed: 4819341334306811793

387 fengi the Covert (level 6, -10/44 HPs)
             Began as a Gnoll Wanderer on Apr 11, 2024.
             Was an Initiate of Nemelex Xobeh.
             Mangled by Edmund
             ... wielding a +6 heavy flail
              (19 damage)
             ... on level 5 of the Dungeon on Apr 12, 2024.
             The game lasted 00:39:55 (4407 turns).

fengi the Covert (Gnoll Wanderer)                   Turns: 4407, Time: 00:39:56

Health: -10/44     AC:  4    Str: 10    XL:     6   Next: 78%
Magic:  6/11       EV: 16    Int: 15    God:    Nemelex Xobeh [......]
Gold:   90         SH:  0    Dex: 11    Spells: 4/12 levels left

rFire   . . .        a - +0 sling
rCold   . . .        (no shield)
rNeg    . . .        d - +0 robe
rPois   .            t - +1 hat
rElec   .            b - +0 cloak
rCorr   .            (no gloves)
SInv    .            (no boots)
Will    .....        p - amulet of regeneration
Stlth   ++++         l - ring of wizardry
HPRegen 1.07/turn    q - +5 ring of evasion
MPRegen 0.12/turn

%: wizardry (x1)
@: inugami summoned
A: fangs 1, strong nose, distributed training
a: Renounce Religion, Draw Escape, Draw Destruction, Draw Summoning


You were on level 5 of the Dungeon.
You worshipped Nemelex Xobeh.
Nemelex Xobeh was noncommittal.
You visited 1 branch of the dungeon, and saw 5 of its levels.

You collected 146 gold pieces.
You spent 56 gold pieces at shops.

Inventory:

Hand Weapons
 a - a +0 sling (weapon)
 j - a +0 spear
 w - a +0 heavy mace
 y - a +0 dagger
 B - a +0 long sword
Missiles
 h - 49 stones
 A - 2 boomerangs
Armour
 b - a +0 cloak (worn)
 d - a +0 robe (worn)
 t - a +1 hat (worn)
 z - a +2 chain mail of cold resistance
Magical Staves
 f - a staff of conjuration
Jewellery
 l - a ring of wizardry (left hand)
 p - an amulet of regeneration (around neck)
 q - a +5 ring of evasion (right hand)
 r - a +5 ring of evasion
Wands
 s - a wand of charming (13)
Scrolls
 c - 2 scrolls of fear
 e - 4 scrolls of identify
 k - 2 scrolls of vulnerability {unknown}
 m - 3 scrolls of teleportation
 n - a scroll of fog {unknown}
 u - a scroll of enchant weapon {unknown}
Potions
 g - a potion of might {unknown}
 i - 4 potions of curing
 o - a potion of cancellation {unknown}
 v - 2 potions of brilliance {unknown}
 x - a potion of mutation {unknown}


   Skills:
 + Level 2.2 Fighting
 + Level 2.2 Short Blades
 + Level 2.2 Long Blades
 + Level 2.2 Axes
 + Level 2.2 Maces & Flails
 + Level 2.2 Polearms
 + Level 2.2 Staves
 + Level 5.1 Ranged Weapons
 + Level 2.2 Throwing
 + Level 2.2 Armour
 + Level 2.2 Dodging
 + Level 8.1 Stealth
 + Level 2.2 Shields
 + Level 2.2 Unarmed Combat
 + Level 3.6 Spellcasting
 + Level 1.7 Conjurations
 + Level 1.7 Hexes
 + Level 5.7 Summonings
 + Level 1.7 Necromancy
 + Level 1.7 Translocations
 + Level 1.7 Fire Magic
 + Level 1.7 Ice Magic
 + Level 1.7 Air Magic
 + Level 1.7 Earth Magic
 + Level 1.7 Alchemy
 + Level 2.4 Invocations
 + Level 2.2 Evocations
 + Level 2.0 Shapeshifting


You had 4 spell levels left.
You knew the following spells:

 Your Spells              Type           Power      Damage    Failure   Level
a - Summon Small Mammal   Summ           76%        N/A       1%          1
b - Call Canine Familiar  Summ           19%        N/A       2%          3
c - Summon Lightning Spi  Summ/Air       13%        N/A       16%         4

Your spell library contained the following spells:

 Spells                   Type           Power      Damage    Failure   Level
 Static Discharge         Conj/Air       16%        3-4/arc   6%          2
 Animate Armour           Summ/Erth      26%        N/A       16%         4
 Airstrike                Air            4%         2d(1-17)  32%         4


Dungeon Overview and Level Annotations

Branches:
Dungeon (5/15)             Temple (0/1) D:5

Altars:
Makhleb
Nemelex Xobeh
Uskayaw
Vehumet

Shops:
D:2 (   D:4 [??

Annotations:
D:5 Edmund


Innate Abilities, Weirdness & Mutations

You have very sharp teeth.
Your uncanny sense of smell can sniff out nearby items.
Your experience applies equally to all skills.


Message History

Your quokka bites Edmund but does no damage.
Your quokka closely misses Edmund.
Edmund attacks as he pursues you! Edmund hits you with a +6 heavy flail!
Your inugami hits the butterfly.
The butterfly dies!
You shoot a sling bullet.
The sling bullet hits Edmund but does no damage.
Edmund is lightly wounded.
Your quokka bites Edmund.
Edmund attacks as he pursues you! Edmund hits you with a +6 heavy flail!
* * * LOW HITPOINT WARNING * * *
Your inugami hits Edmund but does no damage.
Your inugami hits Edmund but does no damage.
Edmund attacks as he pursues you! Edmund misses you.
Your quokka barely misses Edmund.
Your inugami hits Edmund but does no damage.
Your quokka closely misses Edmund.
You are too injured to fight recklessly!
You are too injured to fight recklessly!
You shoot a sling bullet.
The sling bullet hits Edmund but does no damage.
Edmund is lightly wounded.
Casting: Summon Small Mammal (safe; 1% risk of failure)
Confirm with . or Enter, or press ? or * to list all spells.
An electric hum fills the air.
Edmund hits you with a +6 heavy flail!
Your inugami hits Edmund but does no damage.
Your inugami hits Edmund. Edmund attacks as he pursues you!
Edmund hits you with a +6 heavy flail!
* * * LOW HITPOINT WARNING * * *
Your lightning spire cannot move out of your way!
Your lightning spire shoots out a bolt of lightning at Edmund!
The bolt of electricity hits Edmund!
The bolt of electricity hits Edmund.
Edmund attacks as he pursues you! Edmund completely misses you.
Your inugami hits Edmund.
Your quokka bites Edmund but does no damage.
Your inugami hits Edmund. Edmund attacks as he pursues you!
Edmund hits you with a +6 heavy flail!!
You die...
Edmund says, "That'll show my brother!"
Your body disappears without a glow.

..........)..#...## #.....<..#
.......)....)#.### ...#####..##
.............#..# #####..g...
............###.#####.......##.g.
............# #.##..I..##### ##..
!###.##.##..###..h.##.###### #..
.# #.##..##..##r.r...........##..
.# #.###..#...#.##.#########.....
..##.####...#...@@.# ##...#....
...#..bh......#...## ##......#..
...................####.......#..
#.............###..#.............
..............###.............#.#
....#.....................>.....#
#...#.##....#.####...........##.#
#...#..........###...............
#...#............................


You could see Edmund (ally target) and a friendly quokka (summoned).

Vanquished Creatures
  A hound (D:4)
  4 gnolls
  3 adders
  A ribbon worm (D:3)
  An orc (D:3)
  6 ball pythons
  4 bats
  6 endoplasms
  5 giant cockroaches
  4 goblins
  2 hobgoblins
  5 quokkas
  3 kobolds
  5 rats
50 creatures vanquished.

Vanquished Creatures (collateral kills)
  A phantom (D:4)
  A gnoll bouda (D:5)
  2 iguanas
  An orc wizard (D:4)
  An adder (D:2)
  4 gnolls
  2 orcs (D:4)
  A ball python (D:4)
  An endoplasm (D:2)
  A giant cockroach (D:2)
  A hobgoblin (D:2)
  A butterfly (D:5)
17 creatures vanquished.

Grand Total: 67 creatures vanquished

Notes
Turn   | Place    | Note
-------+----------+-------------------------------------------
     0 | D:1      | fengi the Gnoll Wanderer began the quest for the Orb.
     0 | D:1      | fengi set off with the following items: a +0 sling, a +0
                  | cloak, a scroll of fear, a +0 robe; and the following spell
                  | memorised: Summon Small Mammal; and the following spells
                  | available to memorise: Call Canine Familiar, Animate
                  | Armour.
     0 | D:1      | Reached XP level 1. HP: 13/13 MP: 4/4
   133 | D:1      | Reached XP level 2. HP: 19/19 MP: 5/5
   701 | D:1      | You fall into a shaft and drop 1 floor!
   755 | D:2      | Reached XP level 3. HP: 25/25 MP: 7/7
   759 | D:2      | Learned a level 3 spell: Call Canine Familiar
   873 | D:2      | Found a faded altar of an unknown god.
   896 | D:2      | Reached skill level 1 in Invocations
  1093 | D:2      | Found Calefec's Antique Weapon Shoppe.
  1148 | D:2      | Reached skill level 1 in Fighting
  1148 | D:2      | Reached skill level 1 in Short Blades
  1148 | D:2      | Reached skill level 1 in Long Blades
  1148 | D:2      | Reached skill level 1 in Axes
  1148 | D:2      | Reached skill level 1 in Maces & Flails
  1148 | D:2      | Reached skill level 1 in Polearms
  1148 | D:2      | Reached skill level 1 in Staves
  1148 | D:2      | Reached skill level 1 in Throwing
  1148 | D:2      | Reached skill level 1 in Armour
  1148 | D:2      | Reached skill level 1 in Dodging
  1148 | D:2      | Reached skill level 1 in Shields
  1148 | D:2      | Reached skill level 1 in Unarmed Combat
  1148 | D:2      | Reached skill level 1 in Evocations
  1698 | D:3      | Reached skill level 1 in Shapeshifting
  1698 | D:3      | Reached XP level 4. HP: 32/32 MP: 8/8
  1919 | D:3      | Found a burning altar of Makhleb.
  2570 | D:4      | Found a sparkling altar of Nemelex Xobeh.
  2612 | D:4      | Reached skill level 1 in Conjurations
  2612 | D:4      | Reached skill level 1 in Hexes
  2612 | D:4      | Reached skill level 1 in Necromancy
  2612 | D:4      | Reached skill level 1 in Translocations
  2612 | D:4      | Reached skill level 1 in Fire Magic
  2612 | D:4      | Reached skill level 1 in Ice Magic
  2612 | D:4      | Reached skill level 1 in Air Magic
  2612 | D:4      | Reached skill level 1 in Earth Magic
  2612 | D:4      | Reached skill level 1 in Alchemy
  2741 | D:4      | Reached XP level 5. HP: 37/37 MP: 5/9
  2798 | D:4      | Found a hide-covered altar of Uskayaw.
  2848 | D:4      | Found Buel's Magic Scroll Emporium.
  2856 | D:4      | Bought a scroll of teleportation for 30 gold pieces
  2881 | D:4      | Noticed a phantom
  2902 | D:4      | Killed a phantom
  2903 | D:4      | Reached skill level 8 in Stealth
  2941 | D:4      | Reached XP level 6. HP: 44/44 MP: 11/11
  3045 | D:4      | Found Gicawum's Antique Armour Boutique.
  3096 | D:4      | Found a radiant altar of Vehumet.
  3205 | D:4      | Found Weipaz's Magic Scroll Shoppe.
  3211 | D:4      | Bought a scroll of identify for 26 gold pieces
  3288 | D:4      | Reached skill level 5 in Ranged Weapons
  3562 | D:4      | Became a worshipper of Nemelex Xobeh the Trickster
  3576 | D:5      | Entered Level 5 of the Dungeon
  3594 | D:5      | Learned a level 4 spell: Summon Lightning Spire
  3704 | D:5      | Upgraded the game from 0.32-a0-918-g0f22ef8d61 to
                  | 0.32-a0-921-g04a7ad8e02
  3850 | D:5      | Found a staircase to the Ecumenical Temple.
  3850 | D:5      | Noticed an ice beast
  4137 | D:5      | Noticed Edmund
  4407 | D:5      | Mangled by Edmund

Illustrated notes

Levels and vault maps discovered:
D:1:      saegor_arrival_simple_a, layout_loops_corners, minmay_misc_feat_tiny,
          minmay_pentomino_q2
D:2:      layout_loops_ring, serial_shops, nicolae_shop_dealshenge,
          hellmonk_ecumenical_altar_arch_garden
D:3:      layout_basic, mainiacjoe_overflow_tiny_flanked
D:4:      layout_loops_ring, old_standard_altar,
          nemelex_xobeh_ov_fountains_minmay, lemuel_tele_altar, serial_shops,
          nicolae_shop_just_a_little_nook, shop_statue,
          nicolae_inconvenience_store
D:5:      layout_rooms, chequers_temple_overflow_statue_of_worship,
          nicolae_ru_path_of_blood, minmay_temple_entry_butterflies,
          nicolae_tricolors, uniq_edmund

Skill      XL: |  1  2  3  4  5  6 |
---------------+-------------------+-----
Invocations    | 1 2 |  2.4
Fighting       | 1 2 |  2.2
Short Blades   | 1 2 |  2.2
Long Blades    | 1 2 |  2.2
Axes           | 1 2 |  2.2
Maces & Flails | 1 2 |  2.2
Polearms       | 1 2 |  2.2
Staves         | 1 2 |  2.2
Throwing       | 1 2 |  2.2
Armour         | 1 2 |  2.2
Dodging        | 1 2 |  2.2
Shields        | 1 2 |  2.2
Unarmed Combat | 1 2 |  2.2
Evocations     | 1 2 |  2.2
Shapeshifting  | 1 2 |  2.0
Spellcasting   | 3 |  3.6
Conjurations   | 1 |  1.7
Hexes          | 1 |  1.7
Necromancy     | 1 |  1.7
Translocations | 1 |  1.7
Fire Magic     | 1 |  1.7
Ice Magic      | 1 |  1.7
Air Magic      | 1 |  1.7
Earth Magic    | 1 |  1.7
Alchemy        | 1 |  1.7
Stealth        | 8 |  8.1
Ranged Weapons | 5 |  5.1
Summonings     | |  5.7

Action                     |  1- 3 |  4- 6 || total
---------------------------+-------+-------++-------
   Fire: Sling             |   120 |   142 ||   262
   Cast: Summon Small Mamm |     6 |    10 ||    16
         Call Canine Famil |     1 |    13 ||    14
         Summon Lightning  |       |     1 ||     1
    Use: Scroll            |       |     2 ||     2
 Armour: Robe              |    38 |    66 ||   104
  Dodge: Dodged            |    37 |    86 ||   123

Table legend: (Time is in decaauts)
 A = Elapsed time spent in this place.
 B = Non-inter-level travel time spent in this place.
 C = Inter-level travel time spent in this place.
 D = Time resting spent in this place.
 E = Time spent auto-exploring this place.
 F = Levels seen in this place.
 G = Mean time per level.
                   A        B        C        D        E       F      G
               +--------+--------+--------+--------+--------+-----+--------+
         Total |   4447 |   4236 |    211 |    551 |   2839 |   5 |  889.4 |
       Dungeon |   4447 |   4236 |    211 |    551 |   2839 |   5 |  889.4 |
               +--------+--------+--------+--------+--------+-----+--------+

Top non-repeatable levels by time:
     D:4: 1055 daAuts
     D:3: 1035 daAuts
     D:2: 851 daAuts
     D:5: 796 daAuts
     D:1: 709 daAuts
